 Dungeon Crawl Stone Soup version 0.25-a0-697-g890751e744 (webtiles) character file.

Game seed: 1109399786422423942, levelgen mode: deterministic

52 MisterFreud the Changer (level 3, -1/28 HPs)
             Began as a Draconian Transmuter on Apr 1, 2020.
             Slain by Sigmund
             ... wielding a +0 scythe
              (15 damage)
             ... on level 2 of the Dungeon.
             The game lasted 00:02:26 (1432 turns).

MisterFreud the Changer (Draconian Transmuter)      Turns: 1432, Time: 00:02:26

Health: -1/28      AC:  6    Str: 12    XL:     3   Next: 60%
Magic:  2/7        EV: 12    Int: 13    God:
Gold:   101        SH:  0    Dex: 12    Spells: 5/8 levels left

rFire    . . .     SeeInvis .     - Unarmed
rCold    . . .     Gourm    .   (no shield)
rNeg     . . .     Faith    .   (armour unavailable)
rPois    .         Spirit   .   (helmet restricted)
rElec    .         Reflect  .   (no cloak)
rCorr    .         Harm     .   i - +0 pair of gloves
MR       .....                  (no boots)
Stlth    +.........             (no amulet)
HPRegen  0.09/turn              (no ring)
MPRegen  0.10/turn              (no ring)

@: appendage, very slightly contaminated
A: unfitting armour, horns 2, cold-blooded, AC +5
a: End Transformation


You were on level 2 of the Dungeon.
You were not hungry.
You had grown temporary horns.
You visited 1 branch of the dungeon, and saw 2 of its levels.

You collected 101 gold pieces.

Inventory:

Missiles
 a - 21 arrows
Armour
 i - a +0 pair of gloves (worn)
Jewellery
 h - an uncursed ring of resist corrosion
Scrolls
 f - a scroll of amnesia {unknown}
 g - a scroll of random uselessness {unknown}
 j - a scroll of identify {unknown}
Potions
 d - a potion of mutation {unknown}
 e - a potion of stabbing {unknown}
 k - a potion of curing {unknown}
Comestibles
 b - 5 chunks of flesh
 c - 3 rations


   Skills:
 - Level 1.1 Fighting
 - Level 1.7 Dodging
 - Level 3.0 Unarmed Combat
 - Level 3.0 Spellcasting
 + Level 3.1 Transmutations


You had 5 spell levels left.
You knew the following spells:

 Your Spells              Type           Power        Failure   Level  Hunger
a - Beastly Appendage     Tmut           ##....       6%          1    #......
b - Sticks to Snakes      Tmut           ##......     10%         2    ###....

Your spell library contained the following spells:

 Spells                   Type           Power        Failure   Level  Hunger
 Spider Form              Tmut/Pois      #.........   34%         3    ###....
 Ice Form                 Ice/Tmut       #.......     75%         4    #####..
 Blade Hands              Tmut           ##........   86%         5    ######.


Dungeon Overview and Level Annotations

Branches:
Dungeon (2/15)

Altars:

Annotations:
D:2 Sigmund


Innate Abilities, Weirdness & Mutations

Your plain brown scales are hard. (AC +5)
You cannot fit into any form of body armour.
You are cold-blooded and may be slowed by cold attacks.
You have a pair of horns on your head.


Message History

Your adder bites the hobgoblin but does no damage.
Sigmund closely misses you.
You closely miss the hobgoblin.
Your adder closely misses the hobgoblin.
The hobgoblin hits you with a +0 club.
Some of the chunks of flesh in your inventory have rotted away.
You barely miss the hobgoblin.
You headbutt the hobgoblin, but do no damage.
Your adder bites the hobgoblin.
Sigmund misses you. The hobgoblin misses you.
Your adder bites the hobgoblin.
You closely miss the hobgoblin.
The hobgoblin is almost dead.
The hobgoblin hits you with a +0 club.
Your adder bites the hobgoblin but does no damage.
Sigmund barely misses you.
You hit the hobgoblin.
You kill the hobgoblin!
Sigmund hits you with a +0 scythe!
Ouch! That really hurt!
You die...

##### ##########
..... .......S.#
##### ########@# #@#
#r# #.# ############
#.# ...........# #.#
# .#########.# #.#
..
.#########.#####.##
...
..................##
.$..


You could see Sigmund, a rat and a friendly adder.

Vanquished Creatures
  2 adders (D:2)
  An ooze (D:2)
  A worm (D:2)
  3 bats (D:1)
  2 giant cockroaches (D:1)
  5 goblins (D:1)
  3 hobgoblins
  4 jackals (D:2)
  2 frilled lizards
  A kobold (D:1)
  2 rats (D:2)
26 creatures vanquished.

Vanquished Creatures (collateral kills)
  A hobgoblin (D:2)
1 creature vanquished.

Grand Total: 27 creatures vanquished

Notes
Turn   | Place    | Note
-------+----------+-------------------------------------------
     0 | D:1      | MisterFreud the Draconian Transmuter began the quest for
                  | the Orb.
     0 | D:1      | Reached XP level 1. HP: 16/16 MP: 3/3
   676 | D:1      | Reached XP level 2. HP: 23/23 MP: 3/5
  1125 | D:2      | Learned a level 2 spell: Sticks to Snakes
  1155 | D:2      | Reached XP level 3. HP: 27/28 MP: 5/7
  1411 | D:2      | Noticed Sigmund
  1432 | D:2      | Slain by Sigmund

Levels and vault maps discovered:
D:1:      dpeg_arrival_renting, layout_basic
D:2:      layout_basic, first_ration, uniq_sigmund

Skill      XL: |  1  2  3 |
---------------+----------+-----
Transmutations | 3 |  3.1
Spellcasting   | 3 |  3.0
Fighting       | |  1.1
Dodging        | |  1.7
Unarmed Combat | |  3.0

Action                   || total
-------------------------++-------
Melee: Unarmed           ||   100
       Tailslap          ||     9
       Kick              ||     9
       Headbutt          ||     5
       Punch             ||     1
 Cast: Beastly Appendage ||    15
       Sticks to Snakes  ||     2
  Eat: Chunk             ||     2
Armor: Skin              ||    27
Dodge: Dodged            ||    85

Table legend:
 A = Non-vault XP
 B = Vault XP
 C = Vault XP percentage of total XP
 D = Non-vault monster count
 E = Vault monster count
 F = Vault count percentage of total count
                 A         B        C        D         E       F
            +---------+---------+-------+---------+---------+-------
      Total |      75 |       0 |   0.0 |      27 |       0 |   0.0
            +---------+---------+-------+---------+---------+-------
        D:1 |      22 |       0 |   0.0 |      14 |       0 |   0.0
        D:2 |      53 |       0 |   0.0 |      13 |       0 |   0.0
            +---------+---------+-------+---------+---------+-------
